 Dungeon Crawl Stone Soup version 0.29.1-4-g47bece8355 (webtiles) character file.

Game seed: 6084755897966876967

66 hawla the Chiller (level 4, -1/34 HPs)
             Began as a Meteoran Ice Elementalist on Dec 8, 2022.
             Killed from afar by Blork the orc (13 damage)
             ... with a puff of flame
             ... on level 4 of the Dungeon.
             The game lasted 00:05:41 (478 turns).

hawla the Chiller (Meteoran Ice Elementalist)        Turns: 478, Time: 00:05:41

Health: -1/34      AC:  2    Str:  6 (9)  XL:     4   Next: 63%
Magic:  9/9        EV: 12    Int: 16 (18) God:
Gold:   80         SH:  0    Dex: 12 (15) Spells: 5/9 levels left

rFire   . . .      SeeInvis .   h - +5 short sword
rCold   . . .      Faith    .   (no shield)
rNeg    . . .      Spirit   .   a - +0 robe
rPois   .          Reflect  .   (no helmet)
rElec   .          Harm     .   (no cloak)
rCorr   .          Rampage  .   (no gloves)
Will    .....                   (no boots)
Stlth   +.........              (no amulet)
HPRegen 0.11/turn               (no ring)
MPRegen 0.11/turn               (no ring)

@: glowing
A: sense surroundings 1, otherworldly, glowing, explore regen
a: no special abilities


You were on level 4 of the Dungeon.
You visited 1 branch of the dungeon, and saw 4 of its levels.

You collected 80 gold pieces.

Inventory:

Hand Weapons
 h - a +5 short sword (weapon)
Armour
 a - a +0 robe (worn)
Wands
 c - a wand of charming (6)


   Skills:
 + Level 0.5 Fighting
 + Level 0.3 Short Blades
 + Level 2.6 Dodging
 - Level 1.4 Stealth
 + Level 3.3 Spellcasting
 + Level 5.6 Ice Magic


You had 5 spell levels left.
You knew the following spells:

 Your Spells              Type           Power      Damage    Failure   Level
a - Freeze                Ice            80%        1d9       1%          1
b - Frozen Ramparts       Ice            40%        1d7       5%          3

Your spell library contained the following spells:

 Spells                   Type           Power      Damage    Failure   Level
 Ozocubu's Armour         Ice            20%        N/A       5%          3
 Ignite Poison            Fire/Tmut/Pois 2%         N/A       50%         3
 Hailstorm                Conj/Ice       11%        3d5       50%         4
 Ice Form                 Ice/Tmut       11%        N/A       50%         4
 Freezing Cloud           Conj/Ice/Air   4%         6-21      93%         5
 Starburst                Conj/Fire      1%         6d3       100%        6
 Ozocubu's Refrigeration  Ice            10%        4d9       100%        7


Dungeon Overview and Level Annotations

Branches:
Dungeon (4/15) Zot: 1921
 Temple: D:4-7

Altars:
Ru

Shops:
D:2 *

Annotations:
D:4 Blork the orc


Innate Abilities, Weirdness & Mutations

You passively map a small area around you.
You are easily found by Zot.
You glow in the dark.
You regain HP and MP as you explore.


Message History

Press: ? - help, Shift-Dir - straight line, f - Blork the orc
Aim: Blork the orc, wielding a +0 short sword and wearing a +0 robe (moderately wounded, fast)
You freeze Blork the orc.
Blork the orc is moderately wounded.
The wall freezes Blork the orc but does no damage.
Blork the orc hits you with a +0 short sword.
* * * LOW HITPOINT WARNING * * *
You feel better.
The wall freezes Blork the orc but does no damage.
Blork the orc barely misses you.
The wall freezes Blork the orc but does no damage.
Blork the orc hits you but does no damage.
It was a potion of ambrosia.
You are confused.
You feel invigorated.
The wall freezes Blork the orc.
Blork the orc hits you with a +0 short sword.
* * * LOW HITPOINT WARNING * * *
The wall freezes Blork the orc.
Blork the orc looks braver for a moment.
The wall freezes Blork the orc.
Blork the orc drinks a potion.
Blork the orc is healed!
The wall freezes Blork the orc.
Blork the orc misses you.
The wall freezes Blork the orc.
Blork the orc closely misses you.
The wall freezes Blork the orc.
Blork the orc hits you with a +0 short sword!
The frozen ramparts melt away.
Blork the orc points at you and mumbles some strange words.
The magic dart hits you.
You aren't carrying any potions.
You closely miss Blork the orc.
Blork the orc is heavily wounded.
You feel less invigorated.
You feel less confused.
Blork the orc hits you with a +0 short sword.
Blork the orc barely misses you.
You barely miss Blork the orc.
Blork the orc is heavily wounded.
Blork the orc gestures at you while chanting.
The puff of flame hits you!
You die...

### ##.##
#.@.# ##o##
##...##
#.....#
##...## *
##.....##
##.......##
*
#.........#
##.......##
*


You could see Blork the orc (fast).

Vanquished Creatures
  5 adders
  2 orcs (D:4)
  A bat (D:2)
  An endoplasm (D:4)
  A giant cockroach (D:4)
  A goblin (D:2)
  2 hobgoblins (D:4)
  2 jackals (D:4)
  A kobold (D:3)
  A frilled lizard (D:3)
  2 rats
19 creatures vanquished.

Vanquished Creatures (collateral kills)
  An orc (D:4)
1 creature vanquished.

Vanquished Creatures (others)
  A jackal (D:4)
1 creature vanquished.

Grand Total: 21 creatures vanquished

Notes
Turn   | Place    | Note
-------+----------+-------------------------------------------
     0 | D:1      | hawla the Meteoran Ice Elementalist began the quest for the
                  | Orb.
     0 | D:1      | Reached XP level 1. HP: 14/14 MP: 5/5
    12 | D:2      | Found a sacrificial altar of Ru.
    66 | D:2      | Found Zutt's Assorted Antiques.
   127 | D:3      | Reached XP level 2. HP: 12/20 MP: 2/6
   156 | D:3      | Reached skill level 5 in Ice Magic
   179 | D:3      | Identified a scroll of acquirement
   179 | D:3      | Acquired hawla's Secrets of Calid Frostbite
   303 | D:4      | Reached XP level 3. HP: 23/26 MP: 4/8
   307 | D:4      | Learned a level 3 spell: Frozen Ramparts
   397 | D:4      | Noticed Blork the orc
   406 | D:4      | Reached XP level 4. HP: 30/33 MP: 2/9
   478 | D:4      | Killed from afar by Blork the orc

Illustrated notes

Levels and vault maps discovered:
D:1:      dpeg_arrival_pits, layout_rooms, minmay_vboxes
D:2:      layout_basic, serial_shops, shop, nicolae_shop_hallway_plus, shop,
          nicolae_square_shop, shop_fountains, basic_altar,
          dilly_ecumenical_altar_fadedgnrine
D:3:      layout_loops_corners, marbit_many_paths, kennysheep_minor_cross
D:4:      layout_loops_cross, xom_redecorated, minmay_temple_entry_arrows,
          nicolae_figureground_pulse, uniq_blork_the_orc

Skill      XL: |  1  2  3 |
---------------+----------+-----
Ice Magic      | 5 |  5.6
Spellcasting   | 3 |  3.3
Fighting       | |  0.5
Short Blades   | |  0.3
Dodging        | |  2.6
Stealth        | |  1.4

Action                   |  1- 3 |  4- 6 || total
-------------------------+-------+-------++-------
Melee: Short sword       |     4 |     4 ||     8
 Cast: Freeze            |    21 |     1 ||    22
       Frozen Ramparts   |     4 |     2 ||     6
Evoke: Wand              |       |     1 ||     1
  Use: Scroll            |     6 |       ||     6
       Potion            |       |     4 ||     4
Armor: Robe              |     5 |     2 ||     7
Dodge: Dodged            |    11 |    10 ||    21
